 Dungeon Crawl Stone Soup version 0.18-a0-1560-ge216ca8 (webtiles) character file.

331 Omaping the Shield-Bearer (level 6, 0/53 HPs)
             Began as a Hill Orc Fighter on Mar 12, 2016.
             Was a Follower of Elyvilon.
             Killed by divine providence
             ... invoked by an orc priest
              (12 damage)
             ... on level 4 of the Dungeon.
             The game lasted 00:29:27 (4334 turns).

Omaping the Shield-Bearer (Hill Orc Fighter)        Turns: 4334, Time: 00:29:27

Health: 0/53       AC:  8    Str: 21    XL:     6   Next: 51%
Magic:  6/6        EV:  8    Int: 10    God:    Elyvilon [*.....]
Gold:   133        SH: 10    Dex: 10    Spells: 0 memorised, 5 levels left

rFire  . . .     SeeInvis .     a - +0 long sword
rCold  . . .     Gourm    .     b - +0 scale mail
rNeg   . . .     Faith    .     c - +0 shield
rPois  .         Spirit   .     (no helmet)
rElec  .         Dismiss  .     m - +0 cloak
rCorr  .         Reflect  .     (no gloves)
SustAt .         Harm     .     (no boots)
MR     .....                    (no amulet)
Stlth  ..........               (no ring)
                                g - +2 ring of intelligence

@: not resistant to hostile enchantments, extremely unstealthy
A: no striking features
a: Lesser Healing, Divine Protection, Renounce Religion, Convert to Beogh


You were on level 4 of the Dungeon.
You worshipped Elyvilon.
Elyvilon was aware of your devotion.
You were hungry.

You visited 1 branch of the dungeon, and saw 4 of its levels.

You collected 133 gold pieces.

Inventory:

Hand Weapons
 a - a +0 long sword (weapon)
 d - a +0 dagger of speed
 e - a +0 morningstar
 j - a +0 dagger
 n - a +0 club
 q - a +0 short sword
 t - a +0 club
 u - a +0 dagger
 v - a +0 club
 x - a +0 whip
 A - a +0 club
 B - a +0 hunting sling
 C - a +0 club
 E - a +0 club
 G - a +0 hunting sling
 I - a +0 club
 J - a +0 club
 R - a +0 blowgun
 S - a +0 dagger
 U - a +0 dagger
Missiles
 o - 40 arrows
 y - 45 stones (quivered)
 H - 10 sling bullets
 K - 12 bolts
 Q - 12 poisoned needles
 V - 2 poisoned javelins
Armour
 b - a +0 scale mail (worn)
 c - a +0 shield (worn)
 h - a +0 ring mail
 i - a +0 robe
 m - a +0 cloak (worn)
 L - a +0 scale mail
 M - a +0 shield
 O - a cursed +0 leather armour
Jewellery
 g - a +2 ring of intelligence (left hand)
Scrolls
 k - 2 scrolls of magic mapping
 p - a scroll of random uselessness {unknown}
 r - a scroll of enchant weapon {unknown}
 w - 4 scrolls of identify
 D - 2 scrolls of teleportation {unknown}
 N - a scroll of fear {unknown}
 T - 2 scrolls of fog {unknown}
Potions
 s - a potion of agility {unknown}
 z - 2 potions of degeneration {unknown}
 W - a potion of magic {unknown}
Comestibles
 f - 5 bread rations
 F - 4 meat rations


   Skills:
 + Level 4.5 Fighting
 + Level 3.2 Long Blades
 + Level 0.6 Throwing
 + Level 4.4 Armour
 + Level 2.1 Dodging
 + Level 0.3 Stealth
 + Level 5.0 Shields


You had 5 spell levels left.
You didn't know any spells.

Dungeon Overview and Level Annotations

Branches:
Dungeon (4/15)
 Temple: D:4-7

Altars:
Ashenzari
Elyvilon
Makhleb
Okawaru


Message History

The orc barely misses you.
The orc priest shouts, "Surrender to Beogh and we'll let you live!"
You hit the orc priest.
You kill the orc priest!
Your Dodging skill increases to level 2!
Your Shields skill increases to level 5!
The orc hits you but does no damage.
You barely miss the orc. You block the orc's attack.
The orc priest hits you with a club.
* * * LOW HITPOINT WARNING * * *
The orc barely misses you. x2
The orc priest shouts, "Surrender to Beogh and we'll let you live!"
You hit the orc.
The orc is moderately wounded.
You block the orc priest's attack. You block the orc's attack.
The orc priest looks braver for a moment.
The orc hits you but does no damage.
The orc priest mumbles some strange prayers to Beogh against you.
Beogh smites you!
You die...

#..
..............#...#.....#
#..
.............>.#...+......
#..
...............#+###......
#..
..........................
..........................
######'####.....###+#.
#.....#.....#...#.
#.....#.....#...+.
#@....#.....#<..#.
#...ooo....#.....#...#.
#...o#.....#.....#...#.
##########+#.....###.#.
#.......#.## #.......#...
#.......#... #.......#...
#.......#...


You could see 2 orc priests and 2 orcs.

Vanquished Creatures
  A crimson imp (D:3)
  An orc priest (D:4)
  A hound (D:4)
  An orc wizard (D:4)
  Natasha (D:3)
  A worker ant (D:4)
  7 adders
  4 worms
  5 giant geckos
  2 orcs (D:4)
  A ball python (D:3)
  8 bats
  A giant cockroach (D:3)
  7 goblins
  16 hobgoblins
  6 kobolds
  A quokka (D:3)
  4 giant newts
  26 rats
94 creatures vanquished.

Notes
Turn   | Place    | Note
--------------------------------------------------------------
     0 | D:1      | Omaping the Hill Orc Fighter began the quest for the Orb.
     0 | D:1      | Reached XP level 1. HP: 19/19 MP: 1/1
    95 | D:1      | Reached XP level 2. HP: 27/27 MP: 2/2
   544 | D:1      | Reached XP level 3. HP: 33/33 MP: 3/3
  1227 | D:2      | Reached skill level 4 in Shields
  1499 | D:3      | Reached XP level 4. HP: 40/40 MP: 4/4
  1956 | D:3      | Reached skill level 1 in Dodging
  2203 | D:3      | Found a white marble altar of Elyvilon.
  2213 | D:3      | Became a worshipper of Elyvilon the Healer
  2341 | D:3      | Noticed Natasha
  2355 | D:3      | Killed Natasha
  2355 | D:3      | Reached XP level 5. HP: 35/46 MP: 5/5
  2426 | D:3      | Found a burning altar of Makhleb.
  2975 | D:2      | Found an iron altar of Okawaru.
  3605 | D:4      | Found a shattered altar of Ashenzari.
  3628 | D:4      | Reached * piety under Elyvilon
  3647 | D:4      | Reached XP level 6. HP: 31/53 MP: 6/6
  4332 | D:4      | Reached skill level 5 in Shields
  4334 | D:4      | Killed from afar by an orc priest

Vault maps used:
D:1:      ncdulo_halloftheorcs
D:2:      kennysheep_okawaru_gauntlet
D:3:      makhleb_grotto_becter, lemuel_crystal_altar, minmay_rat_hole,
          uniq_natasha
D:4:      bloody_trog, lemuel_blue_sif_altar, nicolae_ashenzari_panopticon,
          first_bread, fedhas_altar_fruit_tree

Skill      XL: |  1  2  3  4  5  6 |
---------------+-------------------+-----
Fighting       | 4 |  4.5
Shields        | 4 5 |  5.0
Armour         | 4 |  4.4
Dodging        | 1 2 |  2.1
Long Blades    | 3 |  3.2
Throwing       | |  0.6
Stealth        | |  0.3

Action                   |  1- 3 |  4- 6 || total
-------------------------+-------+-------++-------
Melee: Long sword        |   115 |   232 ||   347
Throw: Stone             |       |    21 ||    21
       Javelin           |       |     1 ||     1
  Use: Scroll            |     1 |       ||     1
       Potion            |       |     2 ||     2
  Eat: Chunk             |     2 |     6 ||     8
       Pizza             |       |     1 ||     1
       Beef jerky        |       |     1 ||     1
